 Dungeon Crawl Stone Soup version 0.23-b1 (webtiles) character file.

Game seed: 11746319921605610087

2265 Leibowitz the Carver (level 9, -5/75 HPs)
             Began as a Hill Orc Fighter on Jan 31, 2019.
             Was a Priest of Okawaru.
             Slain by Harold
             ... wielding a +0 trident
              (17 damage)
             ... on level 7 of the Dungeon.
             The game lasted 00:17:11 (6429 turns).

Leibowitz the Carver (Hill Orc Fighter)             Turns: 6429, Time: 00:17:11

Health: -5/75      AC: 10    Str: 22    XL:     9   Next: 38%
Magic:  9/9        EV:  7    Int:  8    God:    Okawaru [***...]
Gold:   395        SH: 11    Dex: 10    Spells: 8/8 levels left

rFire    . . .     SeeInvis .   a - +3 scimitar (freeze) (curse)
rCold    . . .     Gourm    .   c - +1 shield
rNeg     . . .     Faith    .   q - +0 chain mail
rPois    .         Spirit   .   (no helmet)
rElec    .         Reflect  .   k - scarf {repulsion}
rCorr    .         Harm     .   (no gloves)
MR       .....                  (no boots)
Stlth    ..........             (no amulet)
HPRegen  0.22/turn              x - ring of wizardry
MPRegen  0.11/turn              (no ring)

@: repel missiles
A: no striking features
a: Heroism, Renounce Religion


You were on level 7 of the Dungeon.
You worshipped Okawaru.
Okawaru was most pleased with you.
You were very hungry.

You visited 1 branch of the dungeon, and saw 7 of its levels.

You collected 395 gold pieces.

Inventory:

Hand Weapons
 a - a cursed +3 scimitar of freezing (weapon)
Missiles
 h - 6 javelins (quivered)
Armour
 c - a +1 shield (worn)
 k - a scarf of repulsion (worn)
 q - a +0 chain mail (worn)
Jewellery
 x - a ring of wizardry (left hand)
Scrolls
 e - 3 scrolls of magic mapping
 g - 3 scrolls of enchant weapon
 l - a scroll of teleportation
 m - 3 scrolls of remove curse
 n - a scroll of fear
 s - 2 scrolls of enchant armour
 t - a scroll of blinking
 w - 3 scrolls of identify
Potions
 b - 2 potions of haste {unknown}
 d - a potion of might
 i - 2 potions of invisibility {unknown}
 j - 4 potions of curing
 o - a potion of magic
 p - a potion of lignification {unknown}
 u - a potion of agility
Comestibles
 f - 7 rations


   Skills:
 * Level 6.1 Fighting
 * Level 8.3 Long Blades
 * Level 7.0 Armour
 * Level 2.9 Dodging
 * Level 6.9 Shields
 + Level 0.1 Invocations


You had 8 spell levels left.
You didn't know any spells.
Your spell library was empty.

Dungeon Overview and Level Annotations

Branches:
Dungeon (7/15)             Temple (0/1) D:7

Altars:
Dithmenos
Fedhas
Nemelex Xobeh
Okawaru
Trog
Uskayaw
Yredelemnul

Annotations:
D:7 Harold


Message History

You kill the kobold!
Harold throws a throwing net.
The throwing net is repelled.
Things that are here:
a +0 short sword; a stone Harold casts a spell at you.
The harpoon shot hits you.
You are yanked forward by the harpoon shot.
You hit Harold but do no damage. You block Harold's attack.
You barely miss Harold. Harold hits you with a +0 trident.
You slash Harold! You freeze Harold.
Harold is lightly wounded.
Harold hits you with a +0 trident.
* * * LOW HITPOINT WARNING * * *
You hit Harold but do no damage.
Harold is lightly wounded.
Harold hits you with a +0 trident!!
* * * LOW HITPOINT WARNING * * *
Unknown command.
You feel better. Harold hits you with a +0 trident!
You die...

# ......# ###.
#......#
...####......#..
##...........#.. .
.............. ..##
...8.8.8..# ....
#.⌠.⌠.⌠..#
#.##..####.).....#
...(..@@())..>.#####
###########.().....#
#......# ###.(....#
#.####.# #.(....#
#.# #.# #......# #.#
#.# #......# #<# #.#
#......# ###
#.######.....#
#......#.....#


You could see Harold.

Vanquished Creatures
  Prince Ribbit (D:7)
  A water moccasin (D:7)
  A black bear (D:6)
  An orc warrior (D:6)
  An ice beast (D:5)
  2 centaurs (D:5)
  A big kobold (D:7)
  3 bullfrogs
  2 scorpions
  9 wights
  A crimson imp (D:6)
  3 hounds
  3 jellies
  5 orc priests
  2 orc wizards
  A centaur skeleton (D:7)
  2 iguanas
  3 worker ants
  7 adders
  An ooze (D:5)
  An adder skeleton (D:7)
  5 worms
  5 dart slugs
  2 leopard geckos
  22 orcs
  12 giant cockroaches
  12 goblins
  20 hobgoblins
  11 jackals
  8 quokkas
  7 bats
  8 frilled lizards
  12 kobolds
  A quokka skeleton (D:7)
  11 rats
187 creatures vanquished.

Notes
Turn   | Place    | Note
-------+----------+-------------------------------------------
     0 | D:1      | Leibowitz the Hill Orc Fighter began the quest for the Orb.
     0 | D:1      | Reached XP level 1. HP: 19/19 MP: 1/1
    60 | D:1      | Reached XP level 2. HP: 21/27 MP: 2/2
   320 | D:1      | Reached XP level 3. HP: 32/33 MP: 3/3
   640 | D:1      | Reached skill level 3 in Long Blades
   857 | D:2      | Reached XP level 4. HP: 40/40 MP: 4/4
  1076 | D:2      | Found a bloodstained altar of Trog.
  2106 | D:3      | Reached XP level 5. HP: 46/46 MP: 5/5
  2134 | D:3      | Found an iron altar of Okawaru.
  2142 | D:3      | Became a worshipper of Warmaster Okawaru
  2177 | D:3      | Found a hide-covered altar of Uskayaw.
  2177 | D:3      | Noticed a +0 hand axe
  2178 | D:3      | Noticed a +0 hand axe
  2252 | D:3      | Found a shadowy altar of Dithmenos.
  2277 | D:3      | Reached skill level 1 in Dodging
  2330 | D:3      | Reached skill level 4 in Long Blades
  2489 | D:3      | Found a blossoming altar of Fedhas.
  3088 | D:4      | Reached XP level 6. HP: 49/53 MP: 6/6
  3105 | D:4      | Found a sparkling altar of Nemelex Xobeh.
  3325 | D:4      | Reached * piety under Okawaru
  3340 | D:4      | Reached skill level 5 in Long Blades
  3340 | D:4      | Reached XP level 7. HP: 50/60 MP: 7/7
  3350 | D:4      | Reached skill level 5 in Armour
  3730 | D:5      | Entered Level 5 of the Dungeon
  4178 | D:5      | Reached skill level 5 in Fighting
  4230 | D:5      | Reached skill level 5 in Shields
  4274 | D:5      | Reached ** piety under Okawaru
  4325 | D:5      | Reached XP level 8. HP: 59/68 MP: 8/8
  4339 | D:5      | Reached skill level 6 in Long Blades
  5403 | D:6      | Reached skill level 7 in Long Blades
  5882 | D:7      | Noticed Prince Ribbit
  5898 | D:7      | Killed Prince Ribbit
  5898 | D:7      | Reached *** piety under Okawaru
  5898 | D:7      | Reached XP level 9. HP: 45/75 MP: 9/9
  6133 | D:7      | Found a basalt altar of Yredelemnul.
  6372 | D:7      | Reached skill level 8 in Long Blades
  6373 | D:7      | Found a staircase to the Ecumenical Temple.
  6416 | D:7      | Noticed Harold
  6428 | D:7      | HP: 1/75 [Harold/+0 trident (18)]
  6429 | D:7      | Slain by Harold

Skill      XL: |  1  2  3  4  5  6  7  8  9 |
---------------+----------------------------+-----
Fighting       | 4 5 6 |  6.1
Long Blades    | 3 4 5 7 8 |  8.3
Armour         | 4 5 6 7 |  7.0
Dodging        | 1 2 |  2.9
Shields        | 4 5 6 |  6.9
Invocations    | |  0.1

Action                   |  1- 3 |  4- 6 |  7- 9 || total
-------------------------+-------+-------+-------++-------
Melee: Long sword        |   142 |   306 |   268 ||   716
       Scimitar          |       |       |    83 ||    83
Throw: Javelin           |     1 |       |     3 ||     4
Invok: Heroism           |       |       |     1 ||     1
  Use: Scroll            |       |    13 |     1 ||    14
       Potion            |       |       |     2 ||     2
  Eat: Chunk             |       |     9 |     9 ||    18
Armor: Scale mail        |    64 |     2 |       ||    66
       Chain mail        |       |   173 |   150 ||   323
Dodge: Dodged            |    31 |    79 |    88 ||   198
       Deflected         |       |     9 |     3 ||    12
Block: Shield            |    74 |   161 |   215 ||   450
       Rpst.: Long sword |    11 |    27 |    21 ||    59
       Scimitar          |       |       |     3 ||     3
